Unix NetHack Version 5.0.0-0 post-release - last build Jun 10 2026 00:39:30 (3ee93aec679c4c4259841fe613dc97188e26a321,branch:main).

Game began 2026-07-09 21:20:59, ended 2026-07-09 21:36:59.

ARFwashere, neutral male human Archeologist

                 ----
                 |..--                                 --
                --...|                              ---.--
   ----        --....|                        -------....|
  --..---      |....--                         ..........|
 --...*.----   |...--                           -........|
 |....^....-- --...------                  ------........|
 |..........---.....--..|                -#-.--.....)G@.-
 --...))................-#-        ----  #...........e..|
  --).<*----.............*##       |..--#|..............-
   --.---  --.--...--.*.^..#########...#----...........0.|
    ---     ---|..-----..|....--------.........|.........-
               ----   ------..............---.---...........-
                           -----------.......-- |.........-
                                     --......-- --.........-
                                      --*.....-- --........|
                                       --......|  -------.--
                                        |......|         --
                                        --...---
                                         --.--
                                          ---
ARFwashere the Field Worker  St:11 Dx:12 Co:15 In:14 Wi:15 Ch:9  Neutral
Dlvl:3  $:104 HP:0(38) Pw:16(16) AC:9  Xp:4 T:2470  Burdened

Latest messages:
 You have a little trouble lifting K - a hard hat.
 L - a pair of hard shoes.
 M - a hooded cloak.
 The kitten picks up a shuriken.
 What do you want to drop? [$a-lnoqxzDGJ-M or ?*] K
 You drop a hard hat.
 Suddenly, the kitten falls through a trap door.
 What do you want to drop? [$a-lnoqxzDGJLM or ?*] L
 You drop a pair of hard shoes.
 You see here a pair of hard shoes.
 You have a little trouble lifting L - a pair of hard shoes.
 You see here a hard hat.
 You have a little trouble lifting K - a hard hat.
 You see here 7 rocks.
 You see here 7 rocks.
 There are several objects here.
 You have a little trouble lifting B - a pair of hard shoes.
 C - a hooded cloak.
 There is a branch staircase up to the Dungeons of Doom here.
 You see here a dagger.
 In what direction? h
 You kick a dagger.
 Really step onto that falling rock trap? [yn] (n) n
 You kill the gecko!
 You see here a concave amulet.
 You have a little trouble lifting N - a concave amulet.
 The gnome lord throws 2 darts!
 You are hit by the 1st dart.
 You are hit by the 2nd dart.
 In what direction? h
 The dart hits the gnome lord.
 The gnome lord hits!
 You hit the gnome lord.
 The gnome lord hits!
 You hit the gnome lord.
 The gnome lord hits!
 You miss the gnome lord.
 The gnome lord hits!
 The gnome lord hits!
 You miss the gnome lord.
 The gnome lord hits!
 What do you want to zap? [z or ?*] z
 A floating eye suddenly appears next to you!
 The gnome lord hits!
 You die...
 Do you want your possessions identified? [ynq] (y) y
 Do you want to see your attributes? [ynq] (y) n
 Do you want an account of creatures vanquished? [ynaq] (y) n
 Do you want to see your conduct and achievements? [ynq] (y) n
 Do you want to see the dungeon overview? [ynq] (y) n

Inventory:
 Coins    ('$')
  $ - 104 gold pieces
 Amulets  ('"')
  i - an uncursed amulet of guarding
  x - an uncursed amulet versus poison
  N - an uncursed amulet versus poison
 Weapons  (')')
  j - 4 blessed +2 darts (at the ready)
  a - a +2 bullwhip
  e - a +0 dwarvish mattock (weapon in hands)
 Armor    ('[')
  K - an uncursed +0 dwarvish iron helm
  c - a blessed +0 fedora (being worn)
  L - an uncursed +0 pair of iron shoes
  B - a cursed -2 pair of iron shoes
  C - an uncursed +0 dwarvish cloak
  M - an uncursed +0 dwarvish cloak
  b - an uncursed +0 leather jacket (being worn)
 Comestibles  ('%')
  d - 6 uncursed food rations
  G - a cursed food ration
  D - a cursed fortune cookie
 Scrolls  ('?')
  n - an uncursed scroll of remove curse
 Potions  ('!')
  k - an uncursed potion of healing
  q - an uncursed potion of levitation
 Wands    ('/')
  z - a wand of create monster (0:10)
 Tools    ('(')
  h - an empty uncursed sack
  l - an uncursed brass lantern
  o - a cursed crystal ball (0:4)
  f - a tinning kit (0:44)
 Gems/Stones  ('*')
  J - 2 uncursed citrine stones
  g - an uncursed touchstone

ARFwashere the Archeologist's attributes:

Background:
 You were a Field Worker, a level 4 male human Archeologist.
 You were neutral, nominally on a mission for Camaxtli
 who was opposed by Quetzalcoatl (lawful) and Huhetotl (chaotic).
 You were right-handed.
 You were in the Gnomish Mines, on level 3.
 You entered the dungeon 2470 turns ago.
 You had 109 experience points, 51 more were needed to attain level 5.

Basics:
 You had 0 out of 38 hit points.
 You had all 16 energy points (spell power).
 Your armor class was 9.
 Your wallet contained 104 zorkmids.
 Autopickup was on for '$' plus thrown.

Final Characteristics:
 Your strength was 11 (limit:18/100).
 Your dexterity was 12 (limit:18).
 Your constitution was 15 (limit:18).
 Your intelligence was 14 (limit:18).
 Your wisdom was 15 (limit:18).
 Your charisma was 9 (limit:18).

Final Status:
 You weren't hungry.
 You were burdened; movement was slightly slowed.
 You were wielding a mattock.
 You had basic skill with pick-axe.

Final Attributes:
 You were piously aligned.
 You had automatic searching.
 You were lucky.
 You are dead.

Miscellaneous:
 You didn't encounter any bones levels.
 Total elapsed playing time was 16 minutes.

Major events:
 Turn
    1: ARFwashere the neutral male human Archeologist entered the dungeon
 1433: attained the rank of Field Worker (level 3)
 1645: entered the Gnomish Mines
 2470: killed by a gnome lord

You didn't know any spells.

Skills:
 Fighting Skills
   bare handed combat [Unskilled]
   two weapon combat  [Unskilled]
   riding             [Unskilled]
 Weapon Skills
   dagger             [Unskilled]
   knife              [Unskilled]
   pick-axe           [Basic]
   short sword        [Unskilled]
   saber              [Unskilled]
   club               [Unskilled]
   quarterstaff       [Unskilled]
   sling              [Unskilled]
   dart               [Unskilled]
   boomerang          [Unskilled]
   whip               [Basic]
   unicorn horn       [Unskilled]
 Spellcasting Skills
   attack spells      [Unskilled]
   healing spells     [Unskilled]
   divination spells  [Unskilled]
   matter spells      [Unskilled]

Voluntary challenges:
 Character rerolling was not enabled.
 You were an atheist.
 You never genocided any monsters.
 You never polymorphed an object.
 You never changed form.
 You used no wishes.
Achievements:
 You entered a shop.
 You attained the rank of Field Worker.
 You entered the Gnomish Mines.

 The Dungeons of Doom: levels 1 to 3
    Level 1:
    Level 2:
       A weapon shop.
       Stairs down to The Gnomish Mines.
    Level 3:
 The Gnomish Mines:
    Level 3: <- You were here.
       Final resting place for
          you, killed by a gnome lord.


Vanquished creatures:
  a gnome leader
  2 dwarves
 an acid blob
  a hobbit
  2 red molds
  9 gnomes
  a gecko
  7 jackals
  3 goblins
  3 sewer rats
  2 grid bugs
  2 lichens
  a kobold zombie
  4 newts
39 creatures vanquished.

No species were genocided or became extinct.

Game over:
                       ----------
                      /          \
                     /    REST    \
                    /      IN      \
                   /     PEACE      \
                  /                  \
                  |    ARFwashere    |
                  |      104 Au      |
                  |   killed by a    |
                  |    gnome lord    |
                  |                  |
                  |                  |
                  |       2026       |
                 *|     *  *  *      | *
        _________)/\\_//(\/(/\)/\//\/|_)_______

Goodbye ARFwashere the Archeologist...

You died in The Gnomish Mines on dungeon level 3 with 640 points,
and 104 pieces of gold, after 2470 moves.
You were level 4 with a maximum of 38 hit points when you died.

